 Dungeon Crawl Stone Soup version bcrawl-1.37.2 (webtiles) character file.

Game seed: 3697208207002732631

210987 Mehrunes the Firebug (level 8, -3/52 HPs)
             Began as a Mummy Fire Elementalist on Oct 31, 2022.
             Was an Initiate of Vehumet.
             Slain by Blork the orc
             ... wielding a +4 glaive of protection
              (14 damage)
             ... on level 5 of the Dungeon.
             The game lasted 00:10:13 (5807 turns).

Mehrunes the Firebug (Mummy Fire Elementalist)      Turns: 5807, Time: 00:10:14

Health: -3/52      AC:  7    Str: 12    XL:     8   Next: 29%
Magic:  4/14       EV: 11    Int: 16    God:    Vehumet [......]
Gold:   314        SH:  0    Dex: 12    Spells: 2/15 levels left

rFire    x . .     GDR:     24% p - +1 dagger (elec)
rCold    + . .     SeeInvis .   (no shield)
rNeg     + + +     Gourm    .   h - +0 leather armour
rPois    ∞         Faith    .   m - +0 helmet
rElec    .         Spirit   .   t - +2 cloak
rCorr    .         Reflect  .   (no gloves)
MR       ++...     Clarity  +   (no boots)
Stlth    ++........             f - amulet of regeneration
HPRegen  0.30/turn              u - ring of protection from magic
MPRegen  0.14/turn              (no ring)

@: about to teleport
A: no food or potions, fire vulnerability, clarity, cold resistance 1, negative
energy resistance 3, torment resistance, unbreathing, strong hexes 1
a: Renounce Religion


You were on level 5 of the Dungeon.
You worshipped Vehumet.
Vehumet was noncommittal.
You were not hungry.

You visited 1 branch of the dungeon, and saw 5 of its levels.

You collected 314 gold pieces.

Inventory:

Hand Weapons
 k - a +0 short sword
 l - a +1 falchion of flaming
 p - a +1 dagger of electrocution (weapon)
 q - a +0 hunting sling
Missiles
 d - 1178 stones (quivered)
 r - 271 sling bullets
Armour
 a - a +0 robe
 b - a +0 cloak
 h - a +0 leather armour (worn)
 m - a +0 helmet (worn)
 t - a +2 cloak (worn)
Jewellery
 f - an amulet of regeneration (around neck)
 u - a ring of protection from magic (left hand)
 v - an uncursed amulet of guardian spirit {unknown}
 w - a +1 ring of evasion {unknown}
Wands
 c - a wand of flame (4)
 o - a wand of polymorph (2)
Scrolls
 e - a scroll of fear {unknown}
 g - a scroll of magic mapping {unknown}
 i - 3 scrolls of identify
 j - a scroll of teleportation
 n - 2 scrolls of fog {unknown}
 s - 2 scrolls of remove curse
 x - a scroll of amnesia {unknown}
 y - a scroll of torment {unknown}


   Skills:
 + Level 1.8 Dodging
 - Level 2.1 Stealth
 - Level 4.0 Spellcasting
 - Level 6.0 Conjurations
 - Level 6.0 Fire Magic


You had 2 spell levels left.
You knew the following spells:

 Your Spells              Type           Power        Failure   Level  Hunger
a - Flame Tongue          Conj/Fire      ###..        1%          1    N/A
b - Conjure Flame         Conj/Fire      ###.....     5%          3    N/A
c - Sticky Flame          Conj/Fire      ###.....     19%         4    N/A
d - Fireball              Conj/Fire      ###.......   45%         5    N/A

Your spell library contained the following spells:

 Spells                   Type           Power        Failure   Level  Hunger
 Flaming Arrows           Chrm/Fire      ##......     10%         2    N/A
 Inner Flame              Hex/Fire       N/A          19%         3    N/A

Dungeon Overview and Level Annotations

Branches:
Dungeon (5/12)
 Temple: D:4-7

Altars:
Cheibriados
Hepliaklqana
Lugonu
Nemelex Xobeh
Qazlal
Sif Muna
Trog
Vehumet
Wu Jian

Shops:
D:4 }

Annotations:
D:5 Blork the orc


Innate Abilities, Weirdness & Mutations

You do not eat or drink.
Your flesh is vulnerable to fire.
You are immune to poison.
You possess an exceptional clarity of mind.
Your flesh is cold resistant. (rC+)
You are immune to negative energy. (rN+++)
You are immune to unholy pain and torment.
You can survive without breathing.
Your hexes are more powerful.


Message History

The puff of flame misses you.
The centaur shouts!
The ogre shouts!
You hear a shout! x2
The centaur shoots an arrow.
The arrow barely misses you.
The centaur shoots an arrow.
The arrow barely misses you.
The centaur shoots an arrow.
The arrow hits you!
As you read the scroll labeled MUN XASMAYMN, it crumbles to dust.
You feel blessed for a moment.
It was a scroll of remove curse.
A puff of frost appears from out of thin air!
You resist. The puff of frost hits you.
* * * LOW HITPOINT WARNING * * *
As you read the scroll labeled PETSOM ME UXEWN, it crumbles to dust.
You feel strangely unstable.
It was a scroll of teleportation.
The jackal misses you.
A magic dart appears from out of thin air!
The magic dart hits you.
* * * LOW HITPOINT WARNING * * *
The adder skeleton bites you but does no damage.
The jackal barely misses you. Something hits you!
You die...

..#.......................
##..................#.....
#....................g....
#...................##....
#.###.....###<............
###⌠#######⌠##.c...........#.
##...##≈##...##OZ.........#.#
#_..........._#h##......#..#.
##...##.##...##.@...........#.
###⌠##≈.≈# ######.##..#......
#.#####.######......##..h...#
#............#...........#.#
#............#....###......# #.
##.................##.##.#.....
##........###...........##....
##......####........{........
#.....###....###.......#####


You could see an ogre, a centaur and a jackal.

Vanquished Creatures
  An orc warrior (D:4)
  2 sky beasts
  2 ice beasts
  An ogre (D:4)
  A bullfrog (D:4)
  2 orc priests (D:3)
  4 crimson imps (D:4)
  A howler monkey (D:2)
  A hound (D:4)
  A bullfrog skeleton (D:4)
  Ijyb (D:3)
  An orc wizard (D:3)
  4 worker ants
  A hound skeleton (D:4)
  9 adders
  A shadow imp (D:4)
  An ooze (D:2)
  3 adder skeletons (D:4)
  2 worms
  A dart slug (D:2)
  2 leopard geckos (D:2)
  16 orcs
  2 ball pythons
  6 giant cockroaches
  9 goblins
  5 hobgoblins
  7 jackals
  2 quokkas (D:3)
  7 bats
  4 frilled lizards
  7 kobolds
  2 quokka skeletons
  7 rats
116 creatures vanquished.

Notes
Turn   | Place    | Note
-------+----------+-------------------------------------------
     0 | D:1      | Mehrunes the Mummy Fire Elementalist began the quest for
                  | the Orb.
     0 | D:1      | Reached XP level 1. HP: 13/13 MP: 4/4
   345 | D:1      | Reached skill level 1 in Conjurations
   572 | D:1      | Reached XP level 2. HP: 19/19 MP: 4/6
  1179 | D:2      | Reached XP level 3. HP: 17/24 MP: 1/7
  1391 | D:2      | Found a sparkling altar of Nemelex Xobeh.
  1629 | D:2      | Found a snail-covered altar of Cheibriados.
  1757 | D:2      | Noticed a sky beast
  1788 | D:2      | Learned a level 3 spell: Conjure Flame
  1799 | D:2      | Killed a sky beast
  1800 | D:2      | Reached XP level 4. HP: 30/30 MP: 5/10
  1800 | D:2      | Reached XP level 5. HP: 35/35 MP: 5/11
  1930 | D:2      | Learned a level 4 spell: Sticky Flame
  2040 | D:2      | Found a hazy altar of Hepliaklqana.
  2737 | D:3      | Reached XP level 6. HP: 41/41 MP: 8/12
  2854 | D:3      | Found an ornate altar of the Wu Jian Council.
  3087 | D:3      | Found a corrupted altar of Lugonu.
  3279 | D:3      | Noticed Ijyb
  3312 | D:3      | Killed Ijyb
  3616 | D:3      | Found a glowing golden altar of the Shining One.
  3768 | D:4      | Found Rinomaqae's Gadget Shop.
  4110 | D:4      | Reached XP level 7. HP: 46/46 MP: 9/13
  4262 | D:4      | Reached skill level 5 in Fire Magic
  4319 | D:4      | Found a bloodstained altar of Trog.
  4654 | D:4      | Reached skill level 5 in Conjurations
  4911 | D:4      | Found a stormy altar of Qazlal.
  4947 | D:4      | Reached XP level 8. HP: 45/52 MP: 3/14
  5298 | D:5      | Entered Level 5 of the Dungeon
  5356 | D:4      | Learned a level 5 spell: Fireball
  5439 | D:5      | Noticed Blork the orc
  5646 | D:5      | Found a shimmering blue altar of Sif Muna.
  5646 | D:5      | Found a radiant altar of Vehumet.
  5654 | D:5      | Became a worshipper of Vehumet
  5807 | D:5      | Slain by Blork the orc

Skill      XL: |  1  2  3  4  5  6  7  8 |
---------------+-------------------------+-----
Conjurations   | 1 2 3 4 5 6 |  6.0
Spellcasting   | 3 4 |  4.0
Fire Magic     | 3 4 5 6 |  6.0
Dodging        | |  1.8
Stealth        | |  2.1

Action                   |  1- 3 |  4- 6 |  7- 9 || total
-------------------------+-------+-------+-------++-------
Melee: Short sword       |     1 |    14 |       ||    15
       Dagger            |       |     9 |    20 ||    29
Throw: Stone             |       |       |     6 ||     6
 Cast: Flame Tongue      |    69 |   107 |    91 ||   267
       Conjure Flame     |     1 |     3 |     2 ||     6
       Sticky Flame      |       |     1 |     6 ||     7
  Use: Scroll            |       |       |     2 ||     2
Armor: Robe              |    11 |       |       ||    11
       Leather armour    |     6 |    14 |    27 ||    47
Dodge: Dodged            |    42 |    38 |    40 ||   120
